MLB
CHICAGO WHITE SOX @ DETROIT TIGERS
09/26/2020
 
TOP OF THE 1ST
Chicago White Sox batting - Pitching for Detroit Tigers : RHP Mike Clevinger
Pitching: RHP Mike Clevinger
Batting: LHB Zack Granite 0-0: Foul Ball, location: 2F
0-1: Ball
1-1: Called Strike
1-2: Ball
2-2: Hit by Pitch
Batting: LHB Charlie Tilson 0-0: Ball
1-0: Ball
2-0: Called Strike
2-1: Fly out, F7 (Flyball, 7, EV 86.3 MPH)
Batting: LHB Jason Heyward 0-0: Ball
1-0: Called Strike
1-1: Fly out, F9 (Flyball, 9LM, EV 86.3 MPH)
Batting: LHB Andrew Toles 0-0: Ball
1-0: Called Strike
1-1: Ball
2-1: Ball
3-1: Foul Ball, location: 2F
3-2: Foul Ball, location: 2F
3-2: Fly out, F5 (Popup, 5, EV 68.1 MPH)
Top of the 1st over - 0 runs, 0 hits, 0 errors, 1 left on base; Chicago 0 - Detroit 0
BOTTOM OF THE 1ST
Detroit Tigers batting - Pitching for Chicago White Sox : RHP Antonio Senzatela
Pitching: RHP Antonio Senzatela
Batting: RHB Jean Segura 0-0: Foul Ball, location: 2F
0-1: Foul Ball, location: 2F
0-2: Strikes out looking
Batting: RHB Starling Marte 0-0: Ball
1-0: Ground out 6-3 (Groundball, 6, EV 82.5 MPH)
Batting: LHB Corey Dickerson 0-0: Foul Ball, location: 2F
0-1: Ball
1-1: Called Strike
1-2: Ground out 1-3 (Groundball, 23, EV 61.9 MPH)
Bottom of the 1st over - 0 runs, 0 hits, 0 errors, 0 left on base; Chicago 0 - Detroit 0
TOP OF THE 2ND
Chicago White Sox batting - Pitching for Detroit Tigers : RHP Mike Clevinger
Batting: RHB Drew Jackson 0-0: Ball
1-0: Called Strike
1-1: Ball
2-1: Foul Ball, location: 2F
2-2: Foul Ball, location: 2F
2-2: Foul Ball, location: 2F
2-2: Ball
3-2: Base on Balls
Batting: LHB Nick Gordon 0-0: Ball
1-0: Ball
2-0: Foul Ball, location: 2F
2-1: Ball
3-1: Called Strike
3-2: Strikes out swinging
Batting: RHB Wilfredo Tovar 0-0: Ball
1-0: Ball
2-0: Ball
Drew Jackson steals 2nd base
3-0: Foul Ball, location: 2F
3-1: Foul Ball, location: 2F
3-2: Base on Balls
Batting: RHB A.J. Simcox 0-0: DOUBLE (Line Drive, 9LD, EV 105.6 MPH)
Drew Jackson scores
Wilfredo Tovar to third
Batting: RHB Jose Trevino 0-0: Foul Ball, location: 2F
0-1: Ball
1-1: Foul Ball, location: 2F
1-2: Ball
2-2: Strikes out looking
Batting: LHB Zack Granite 0-0: Ball
1-0: Foul Ball, location: 2F
1-1: Called Strike
1-2: Ball
2-2: Strikes out swinging
Top of the 2nd over - 1 run, 1 hit, 0 errors, 2 left on base; Chicago 1 - Detroit 0
BOTTOM OF THE 2ND
Detroit Tigers batting - Pitching for Chicago White Sox : RHP Antonio Senzatela
Batting: RHB George Springer 0-0: Ball
1-0: SINGLE (Line Drive, 8RM, EV 103.8 MPH)
Batting: RHB Jose Abreu 0-0: Ball
1-0: Called Strike
1-1: SINGLE (Groundball, 56D, EV 95.6 MPH)
George Springer to second
Batting: RHB Khris Davis 0-0: Foul Ball, location: 2F
0-1: Foul Ball, location: 2F
0-2: Ball
1-2: Strikes out swinging
Batting: RHB J.D. Davis 0-0: Foul Ball, location: 2F
0-1: Ball
1-1: Ball
2-1: Foul Ball, location: 2F
2-2: Ball
3-2: Foul Ball, location: 2F
3-2: Reached on error, E5 (Groundball, 56S, EV 69.4 MPH)
George Springer to third
Jose Abreu to second
Batting: RHB Elias Diaz 0-0: SINGLE (Line Drive, 5D, EV 93.8 MPH)
George Springer scores
Jose Abreu to third
J.D. Davis to second
Batting: RHB Nick Madrigal 0-0: Foul Ball, location: 2F
0-1: SINGLE (Line Drive, 34D, EV 96.9 MPH)
Jose Abreu scores
J.D. Davis to third
Elias Diaz to second
Batting: RHB Jean Segura 0-0: Ball
1-0: SINGLE (Groundball, 4D, EV 100.0 MPH)
J.D. Davis scores
Elias Diaz to third
Nick Madrigal to second
Batting: RHB Starling Marte 0-0: Called Strike
0-1: Swinging Strike
0-2: Ball
Wild Pitch!
Elias Diaz scores
Nick Madrigal to third
Jean Segura to second
1-2: Strikes out swinging
Batting: LHB Corey Dickerson 0-0: Ball
1-0: Called Strike
1-1: Foul Ball, location: 2F
1-2: 3-RUN HOME RUN (Flyball, 9D, EV 100.6 MPH), Distance : 385 ft
Pitching: RHP Jacob Rhame
Batting: RHB George Springer 0-0: Ball
1-0: Called Strike
1-1: Ball
2-1: Ball
3-1: Swinging Strike
3-2: Base on Balls
Batting: RHB Jose Abreu 0-0: Called Strike
0-1: SINGLE (Groundball, 4, EV 106.3 MPH)
George Springer to second
Runner from 2nd tries for 3rd, SAFE, no throw by CF
Batting: RHB Khris Davis 0-0: Ball
1-0: Ball
2-0: Ball
3-0: Base on Balls
Jose Abreu to second
Batting: RHB J.D. Davis 0-0: Swinging Strike
0-1: Ball
1-1: Called Strike
1-2: Strikes out swinging
Bottom of the 2nd over - 7 runs, 7 hits, 1 error, 3 left on base; Chicago 1 - Detroit 7
TOP OF THE 3RD
Chicago White Sox batting - Pitching for Detroit Tigers : RHP Mike Clevinger
Batting: LHB Charlie Tilson 0-0: Called Strike
0-1: Ball
1-1: Ground out 5-3 (Groundball, 5, EV 103.8 MPH)
Batting: LHB Jason Heyward 0-0: Fly out, F9 (Flyball, 89M, EV 82.5 MPH)
Batting: LHB Andrew Toles 0-0: Ball
1-0: Swinging Strike
1-1: Foul Ball, location: 2F
1-2: Strikes out swinging
Top of the 3rd over - 0 runs, 0 hits, 0 errors, 0 left on base; Chicago 1 - Detroit 7
BOTTOM OF THE 3RD
Detroit Tigers batting - Pitching for Chicago White Sox : RHP Jacob Rhame
Batting: RHB Elias Diaz 0-0: Called Strike
0-1: Ball
1-1: Swinging Strike
1-2: Ball
2-2: Ball
3-2: Strikes out looking
Batting: RHB Nick Madrigal 0-0: SINGLE (Groundball, 6MD, EV 104.4 MPH) (infield hit)
Batting: RHB Jean Segura 0-0: Called Strike
0-1: Ball
1-1: Ball
Nick Madrigal steals 2nd base
2-1: SINGLE (Flyball, 78S, EV 100.0 MPH)
Nick Madrigal to third
Pitching: RHP Bryan Shaw
Batting: RHB Starling Marte 0-0: Ball
Jean Segura steals 2nd base
1-0: Ball
2-0: Ground out 5-3 (Groundball, 56S, EV 80.6 MPH)
Nick Madrigal scores
Batting: LHB Corey Dickerson 0-0: Called Strike
0-1: DOUBLE (Line Drive, 7LS, EV 103.1 MPH)
Jean Segura scores
Batting: RHB George Springer 0-0: Ball
1-0: Foul Ball, location: 2F
1-1: Called Strike
1-2: Foul Ball, location: 2F
1-2: Ball
2-2: Foul Ball, location: 2F
2-2: Ball
3-2: Ground out 5-3 (Groundball, 56, EV 88.8 MPH)
Bottom of the 3rd over - 2 runs, 3 hits, 0 errors, 1 left on base; Chicago 1 - Detroit 9
TOP OF THE 4TH
Chicago White Sox batting - Pitching for Detroit Tigers : RHP Mike Clevinger
Batting: RHB Drew Jackson 0-0: Foul Ball, location: 2F
0-1: Ball
1-1: Foul Ball, location: 2F
1-2: Ball
2-2: Strikes out swinging
Batting: LHB Nick Gordon 0-0: Foul Ball, location: 2F
0-1: Ball
1-1: Ball
2-1: Fly out, F7 (Flyball, 7LM, EV 83.8 MPH)
Batting: RHB Wilfredo Tovar 0-0: DOUBLE (Line Drive, 7LS, EV 106.3 MPH)
Batting: RHB A.J. Simcox 0-0: Swinging Strike
0-1: Fly out, F8 (Flyball, 8RD, EV 81.9 MPH)
Top of the 4th over - 0 runs, 1 hit, 0 errors, 1 left on base; Chicago 1 - Detroit 9
BOTTOM OF THE 4TH
Detroit Tigers batting - Pitching for Chicago White Sox : RHP Bryan Shaw
Batting: RHB Jose Abreu 0-0: Ball
1-0: Ball
2-0: Foul Ball, location: 2F
2-1: Foul Ball, location: 2F
2-2: Strikes out looking
Pitching: LHP Anderson Severino
Batting: RHB Khris Davis 0-0: Foul Ball, location: 2F
0-1: Ball
1-1: Fly out, F9 (Flyball, 89S, EV 91.3 MPH)
Batting: RHB J.D. Davis 0-0: SINGLE (Line Drive, 7S, EV 106.9 MPH)
Batting: RHB Elias Diaz 0-0: Ball
1-0: Called Strike
1-1: Ball
2-1: Ball
3-1: Swinging Strike
3-2: Foul Ball, location: 2F
3-2: Base on Balls
J.D. Davis to second
Batting: RHB Nick Madrigal 0-0: SINGLE (Groundball, 6MD, EV 95.0 MPH)
J.D. Davis to third
Elias Diaz to second
Batting: RHB Jean Segura 0-0: SINGLE (Line Drive, 89S, EV 107.5 MPH)
J.D. Davis scores
Elias Diaz to third
Nick Madrigal to second
Batting: RHB Starling Marte 0-0: SINGLE (Groundball, 6MD, EV 95.6 MPH)
Elias Diaz scores
Nick Madrigal to third
Jean Segura to second
Runner from 3rd tries for Home, SAFE, throw by CF to home
Batting: LHB Corey Dickerson 0-0: Ball
1-0: Foul Ball, location: 2F
1-1: Called Strike
1-2: SINGLE (Line Drive, 4M, EV 93.8 MPH)
Jean Segura to third
Starling Marte to second
Runner from 3rd tries for Home, SAFE, throw by CF to home
Pitching: RHP Trey Cochran-Gill
Batting: RHB George Springer 0-0: Ball
1-0: Called Strike
1-1: Ball
2-1: Called Strike
2-2: Ball
3-2: Base on Balls
Starling Marte to third
Corey Dickerson to second
Batting: RHB Jose Abreu 0-0: DOUBLE (Line Drive, 7LS, EV 111.9 MPH)
Starling Marte scores
Corey Dickerson scores
George Springer to third
Runner from 3rd tries for Home, SAFE, no throw by LF
Batting: RHB Khris Davis 0-0: 2-RUN HOME RUN (Flyball, 8LXD, EV 110.6 MPH), Distance : 433 ft
Batting: RHB J.D. Davis 0-0: Ball
1-0: Called Strike
1-1: SINGLE (Line Drive, 56, EV 101.3 MPH)
Batting: RHB Elias Diaz 0-0: Called Strike
0-1: Ball
1-1: Ball
2-1: Foul Ball, location: 2F
2-2: Ball
3-2: DOUBLE (Flyball, 89D, EV 100.0 MPH)
J.D. Davis to third
J.D. Davis scores
Pinch Hitting: RHB Jake Marisnick 0-0: Reached on error, E6 (Groundball, 6, EV 83.8 MPH)
Elias Diaz to third
Pitching: RHP Yusmeiro Petit
Batting: RHB Jean Segura 0-0: Called Strike
0-1: Fly out, F8 (Flyball, 8LM, EV 91.9 MPH)
Bottom of the 4th over - 10 runs, 9 hits, 1 error, 2 left on base; Chicago 1 - Detroit 19
TOP OF THE 5TH
Chicago White Sox batting - Pitching for Detroit Tigers : RHP Mike Clevinger
Now at 2B: Kolten Wong
Batting: RHB Jose Trevino 0-0: Foul Ball, location: 2F
0-1: Swinging Strike
0-2: Ball
1-2: Strikes out swinging
Batting: LHB Zack Granite 0-0: Ball
1-0: SINGLE (Groundball, 6MD, EV 103.1 MPH)
Pitching: LHP Joe Palumbo
Batting: LHB Charlie Tilson 0-0: Ball
1-0: Ball
2-0: Ball
3-0: Fly out, F6 (Line Drive, 6, EV 66.9 MPH)
Batting: LHB Jason Heyward 0-0: Called Strike
0-1: Ball
1-1: Swinging Strike
1-2: Strikes out swinging
Top of the 5th over - 0 runs, 1 hit, 0 errors, 1 left on base; Chicago 1 - Detroit 19
BOTTOM OF THE 5TH
Detroit Tigers batting - Pitching for Chicago White Sox : RHP Yusmeiro Petit
Batting: RHB Starling Marte 0-0: Called Strike
0-1: Ball
1-1: Fly out, F4 (Popup, 34S, EV 82.5 MPH)
Batting: LHB Corey Dickerson 0-0: Called Strike
0-1: Ball
1-1: Called Strike
1-2: Ground out 5-3 (Groundball, 56, EV 89.4 MPH)
Batting: RHB George Springer 0-0: Called Strike
0-1: Ball
1-1: Fly out, F3 (Popup, 23F, EV 91.9 MPH)
Bottom of the 5th over - 0 runs, 0 hits, 0 errors, 0 left on base; Chicago 1 - Detroit 19
TOP OF THE 6TH
Chicago White Sox batting - Pitching for Detroit Tigers : LHP Joe Palumbo
Batting: LHB Andrew Toles 0-0: Called Strike
0-1: Ball
1-1: Called Strike
1-2: Foul Ball, location: 2F
1-2: Ball
2-2: Foul Ball, location: 2F
2-2: SINGLE (Flyball, 3D, EV 84.4 MPH)
Batting: RHB Drew Jackson 0-0: Foul Ball, location: 2F
0-1: Swinging Strike
0-2: Ball
1-2: Strikes out swinging
Batting: LHB Nick Gordon 0-0: Foul Ball, location: 2F
0-1: Ball
1-1: Foul Ball, location: 2F
1-2: Strikes out swinging
Batting: RHB Wilfredo Tovar 0-0: Ball
1-0: Ball
2-0: Called Strike
2-1: Swinging Strike
2-2: Strikes out swinging
Top of the 6th over - 0 runs, 1 hit, 0 errors, 1 left on base; Chicago 1 - Detroit 19
BOTTOM OF THE 6TH
Detroit Tigers batting - Pitching for Chicago White Sox : RHP Yusmeiro Petit
Batting: RHB Jose Abreu 0-0: Called Strike
0-1: Ball
1-1: Foul Ball, location: 2F
1-2: Foul Ball, location: 2F
1-2: DOUBLE (Line Drive, 7LM, EV 108.8 MPH)
Batting: RHB Khris Davis 0-0: Called Strike
0-1: Ball
1-1: Ball
2-1: Ball
3-1: SINGLE (Groundball, 15S, EV 65.6 MPH) (infield hit)
Jose Abreu to third
Pitching: RHP Addison Reed
Batting: RHB J.D. Davis 0-0: Called Strike
0-1: Ball
1-1: Swinging Strike
1-2: Strikes out looking
Batting: RHB Elias Diaz 0-0: Ball
1-0: Called Strike
1-1: DOUBLE (Line Drive, 78M, EV 93.1 MPH)
Jose Abreu scores
Khris Davis to third
Batting: LHB Kolten Wong 0-0: SINGLE (Groundball, 56, EV 105.0 MPH)
Khris Davis scores
Elias Diaz to third
Batting: RHB Jean Segura 0-0: Ball
1-0: SINGLE (Groundball, 25, EV 62.5 MPH) (infield hit)
Kolten Wong to second
Batting: RHB Starling Marte 0-0: Foul Ball, location: 2F
0-1: Foul Ball, location: 2F
0-2: Strikes out swinging
Batting: LHB Corey Dickerson 0-0: Called Strike
0-1: Ball
1-1: Foul Ball, location: 2F
1-2: Fly out, F8 (Flyball, 8RS, EV 87.5 MPH)
Bottom of the 6th over - 2 runs, 5 hits, 0 errors, 3 left on base; Chicago 1 - Detroit 21
TOP OF THE 7TH
Chicago White Sox batting - Pitching for Detroit Tigers : LHP Joe Palumbo
Batting: RHB A.J. Simcox 0-0: Ball
1-0: Called Strike
1-1: Called Strike
1-2: Strikes out swinging, 2-3 out at first.
Batting: RHB Jose Trevino 0-0: Foul Ball, location: 2F
0-1: Ball
1-1: Ball
2-1: Ball
3-1: Called Strike
3-2: Strikes out swinging
Batting: LHB Zack Granite 0-0: Ball
1-0: Ball
2-0: Ball
3-0: Called Strike
3-1: Foul Ball, location: 2F
3-2: Fly out, F7 (Flyball, 7, EV 80.6 MPH)
Top of the 7th over - 0 runs, 0 hits, 0 errors, 0 left on base; Chicago 1 - Detroit 21
BOTTOM OF THE 7TH
Detroit Tigers batting - Pitching for Chicago White Sox : RHP Addison Reed
Batting: RHB George Springer 0-0: Swinging Strike
0-1: Ball
1-1: Ground out 5-3 (Groundball, 56, EV 86.9 MPH)
Pitching: RHP Kurt Hoekstra
Batting: RHB Jose Abreu 0-0: Ball
1-0: Ball
2-0: Ground out 6-3 (Groundball, 6S, EV 85.0 MPH)
Batting: RHB Khris Davis 0-0: Foul Ball, location: 2F
0-1: Foul Ball, location: 2F
0-2: Foul Ball, location: 2F
0-2: Ball
1-2: Ball
2-2: Strikes out swinging
Bottom of the 7th over - 0 runs, 0 hits, 0 errors, 0 left on base; Chicago 1 - Detroit 21
TOP OF THE 8TH
Chicago White Sox batting - Pitching for Detroit Tigers : LHP Joe Palumbo
Pitching: LHP Tyler Lyons
Batting: LHB Charlie Tilson 0-0: Reached on error, E4 (Groundball, 4, EV 102.5 MPH)
Batting: LHB Jason Heyward 0-0: Called Strike
0-1: Swinging Strike
0-2: Strikes out swinging
Batting: LHB Andrew Toles 0-0: Called Strike
0-1: Swinging Strike
0-2: Ball
1-2: Foul Ball, location: 2F
1-2: DOUBLE (Flyball, 89D, EV 89.4 MPH)
Charlie Tilson to third
Runner from 3rd tries for Home, SAFE, no throw by CF
Batting: RHB Drew Jackson 0-0: SINGLE (Line Drive, 8LM, EV 90.0 MPH)
Andrew Toles to third
Batting: LHB Nick Gordon 0-0: Called Strike
0-1: Ball
1-1: Called Strike
1-2: Ball
2-2: Ball
3-2: Strikes out looking
Batting: RHB Wilfredo Tovar 0-0: Foul Ball, location: 2F
0-1: Fielders Choice at 2nd, 6-4 (Groundball, 6, EV 108.1 MPH)
Top of the 8th over - 1 run, 2 hits, 1 error, 2 left on base; Chicago 2 - Detroit 21
BOTTOM OF THE 8TH
Detroit Tigers batting - Pitching for Chicago White Sox : RHP Kurt Hoekstra
Pinch Hitting: RHB Sheldon Neuse 0-0: Foul Ball, location: 2F
0-1: Called Strike
0-2: Ball
1-2: Ball
2-2: Strikes out swinging
Batting: RHB Elias Diaz 0-0: Ball
1-0: Called Strike
1-1: Swinging Strike
1-2: Foul Ball, location: 2F
1-2: Ball
2-2: Ground out 5-3 (Groundball, 56, EV 105.6 MPH)
Batting: LHB Kolten Wong 0-0: Ball
1-0: Ball
2-0: Ball
3-0: Base on Balls
Pitching: RHP Brad Peacock
Batting: RHB Jean Segura 0-0: Ball
1-0: Ball
2-0: Ball
3-0: Base on Balls
Kolten Wong to second
Batting: RHB Starling Marte 0-0: Ground out 4-3 (Groundball, 4, EV 84.4 MPH)
Bottom of the 8th over - 0 runs, 0 hits, 0 errors, 2 left on base; Chicago 2 - Detroit 21
TOP OF THE 9TH
Chicago White Sox batting - Pitching for Detroit Tigers : LHP Tyler Lyons
Now at 3B: Sheldon Neuse
Batting: RHB A.J. Simcox 0-0: Ground out 6-3 (Groundball, 6, EV 89.4 MPH)
Batting: RHB Jose Trevino 0-0: Ball
1-0: SINGLE (Groundball, 34D, EV 94.4 MPH)
Batting: LHB Zack Granite 0-0: Called Strike
0-1: Fielders Choice at 2nd, 6-4 (Groundball, 6, EV 86.3 MPH)
Batting: LHB Charlie Tilson 0-0: Called Strike
0-1: Ball
1-1: Ball
2-1: Ball
3-1: Fielders Choice at 2nd, 6-4 (Groundball, 6, EV 78.8 MPH)
Top of the 9th over - 0 runs, 1 hit, 0 errors, 1 left on base; Chicago 2 - Detroit 21
Monday, November 30th, 2020 - OOTP Baseball 21.6 Build 83